 Dungeon Crawl Stone Soup version 0.22-a0-587-g7d32d7c (webtiles) character file.

16 iamserjio the Skirmisher (level 2, 24/24 HPs)
             Began as a Demonspawn Berserker on July 4, 2018.
             Was a Follower of Trog.
             Quit the game on level 1 of the Dungeon.
             The game lasted 00:02:14 (324 turns).

iamserjio the Skirmisher (Demonspawn Berserker)      Turns: 324, Time: 00:02:15

Health: 24/24      AC:  2    Str: 17    XL:     2   Next: 37%
Magic:  2/2        EV: 12    Int:  8    God:    Trog [*.....]
Gold:   35         SH:  0    Dex: 12    Spells: 1/1 levels left

rFire    . . .     SeeInvis .   a - +0 hand axe
rCold    . . .     Gourm    .   (no shield)
rNeg     . . .     Faith    .   b - +0 animal skin
rPois    .         Spirit   .   (no helmet)
rElec    .         Reflect  .   (no cloak)
rCorr    .         Harm     .   (no gloves)
MR       .....                  (no boots)
Stlth    +.........             (no amulet)
HPRegen  0.08/turn              (no ring)
MPRegen  0.08/turn              (no ring)

@: no status effects
A: claws 1
a: Berserk, Renounce Religion


You were on level 1 of the Dungeon.
You worshipped Trog.
Trog was aware of your devotion.
You were not hungry.

You visited 1 branch of the dungeon, and saw 2 of its levels.

You collected 35 gold pieces.

Inventory:

Hand Weapons
 a - a +0 hand axe (weapon)
Armour
 b - a +0 animal skin (worn)
Comestibles
 c - 3 rations


   Skills:
 + Level 3.1 Fighting
 * Level 3.0 Axes
 + Level 2.0 Armour
 + Level 2.0 Dodging


You had one spell level left.
You didn't know any spells.
Your spell library was empty.

Dungeon Overview and Level Annotations

Branches:
Dungeon (2/15)

Altars:


Innate Abilities, Weirdness & Mutations

You have sharp fingernails.


Message History

You hit the rat.
You kill the rat!
Trog accepts your kill.
Your Axes skill increases to level 3!
Quiver which item? (- for none, * to show all) (? for menu, Esc to quit)
Okay, then.
Unknown command.
Are you sure you want to abandon this character and quit the game? (Confirm with "yes".)
Okay, then.
Unknown command.
As you read the scroll labeled HUKAUDDUPY, it crumbles to dust.
You feel aware of your surroundings.
It was a scroll of magic mapping.
You aren't carrying any scrolls.
Unknown command.
It was a potion of ambrosia.
You are confused.
You feel invigorated.
It was a potion of curing.
You feel better.
You feel less invigorated.
Are you sure you want to abandon this character and quit the game? (Confirm with "yes".)

#.....#
##.......#..#**,,*
###.#...####..........#*
**,**
...........'.........##
**,*
###.#...####..........#*
**,** #.##.##
##.......#..#**,,*
#....# ##.....##,#,*,*,*
####.# ##...##*,,,,,,,*
#.# ##'## ****,**** #.#
#@# *,* #.# #.# *,* *,*
***#.#*** *,* *,*
*,,...,,* *,*
*,******,,...,,* *,*
*,,,,,,,,.....,****,*
*****,,,,>....,,,,,,*
*,**.......******
*,**,,,,,,,*


There were no monsters in sight!

Vanquished Creatures
  A leopard gecko (D:1)
  3 bats (D:1)
  A giant cockroach (D:1)
  4 hobgoblins
  6 rats
15 creatures vanquished.

Notes
Turn   | Place    | Note
-------+----------+-------------------------------------------
     0 | D:1      | iamserjio the Demonspawn Berserker began the quest for the Orb.
     0 | D:1      | Reached XP level 1. HP: 18/18 MP: 1/1
   178 | D:2      | Gained mutation: You have sharp fingernails. [demonic ancestry]
   178 | D:2      | Reached XP level 2. HP: 18/24 MP: 2/2
   324 | D:1      | Quit the game

Vault maps used:
D:1:      evilmike_arrival_plus
D:2:      nicolae_gozag_seed_capital, first_ration, kennysheep_generic_room_14

Skill      XL: |  1  2 |
---------------+-------+-----
Armour         | 2 |  2.0
Dodging        | 2 |  2.0
Axes           | 3 |  3.0
Fighting       | |  3.1

Action                   || total
-------------------------++-------
Melee: Hand axe          ||    39
  Use: Potion            ||     2
       Scroll            ||     1
Armor: Animal skin       ||    16
Dodge: Dodged            ||    29

Table legend:
 A = Spawn XP
 B = Non-spawn XP
 C = Spawn XP percentage of total XP
 D = Spawn monster count
 E = Non-spawn monster count
 F = Spawn count percentage of total count
 G = Total turns spent on level
                    A         B        C        D         E        F      G
               +---------+---------+-------+---------+---------+-------+---------
         Total |       0 |      23 |   0.0 |       0 |      15 |   0.0 |   324
               +---------+---------+-------+---------+---------+-------+---------
           D:1 |       0 |      17 |   0.0 |       0 |      11 |   0.0 |   265
           D:2 |       0 |       6 |   0.0 |       0 |       4 |   0.0 |    59
               +---------+---------+-------+---------+---------+-------+---------
